AoeStats
← danjo

Migration

504269173Analyzed
1v1 RM · 29d ago on Sep 4, 2026· 41m 46s· 2 players
Game mode
Random Map
Map size
132×132
Population
200
Speed
Normal
Resources
Standard
Victory
Conquest
Starting age
Dark Age
Ending age
Imperial Age
RankedLock teamsTeams togetherTeam positionsShared explorationLock speedFull tech treeHidden civsTurbo modeCheats
Victory
Defeat
🇦🇷 Dravidians · Argentina
1013
+17
🇩🇪 Dravidians · Germany
1037
-17
sug0ma
13:00 Feudal Age
13:47 Gold Mining
13:48 Double-Bit Axe
19:07 Castle Age
16:59 Fletching
18:11 Padded Archer Armor
20:03 Medium Warships
19:51 Bodkin Arrow
20:23 Bow Saw
31:30 Scale Barding Armor
31:36 Forging
33:18 Horse Collar
37:39 Imperial Age
40:38 Heavy Warships
danjo
11:06 Feudal Age
16:14 Castle Age
14:43 Double-Bit Axe
14:52 Gold Mining
17:10 Medium Warships
25:05 Bow Saw
24:50 Stone Mining
25:51 Loom
30:02 Forging
29:53 Scale Mail Armor
30:08 Fletching
35:51 Fishing Lines
37:26 Murder Holes
41:30 Imperial Age
Connection lost

Rejoining the realm…

Still unreachable

The connection could not be restored.

Session expired

The server has moved on; the page needs a fresh start.